 Dungeon Crawl Stone Soup version 0.20.1-1-g8b1a95d (webtiles) character file.

6255 tidbits the Transmogrifier (level 10, 0/79 HPs)
             Began as a Demigod Transmuter on July 4, 2017.
             Slain by a black mamba (10 damage)
             ... on level 1 of the Lair of Beasts.
             The game lasted 00:55:21 (6874 turns).

tidbits the Transmogrifier (Demigod Transmuter)     Turns: 6874, Time: 00:55:21

Health: 0/79       AC:  4    Str: 15    XL:     10   Next: 36%
Magic:  7/19       EV: 15    Int: 21    God:
Gold:   493        SH:  0    Dex: 20    Spells: 5/16 levels left

rFire    . . .     SeeInvis .     - Unarmed
rCold    . . .     Gourm    +   (shield currently unavailable)
rNeg     . . .     Faith    .   B - +0 robe
rPois    .         Spirit   .   (helmet restricted)
rElec    .         Reflect  .   C - +0 cloak
rCorr    .         Harm     .   (gloves currently unavailable)
MR       +++..                  (no boots)
Stlth    +++.......             A - amulet of Niutzoe {Gourm MR+ Dex+2}
Regen    0.3/turn               f - ring of protection from magic
MPRegen  0.2/turn               z - +2 ring of strength

@: blade hands
A: beak, horns 1, talons 1, high mp 1, shaggy fur 1
a: End Transformation


You were on level 1 of the Lair of Beasts.
You were very full.
You had blades for hands.
You visited 2 branches of the dungeon, and saw 11 of its levels.

You collected 493 gold pieces.

Inventory:

Hand Weapons
 g - a +1 dagger of venom
   (You took it off a goblin on level 2 of the Dungeon)
 P - a +0 shortbow
Missiles
 a - 38 arrows
 i - 20 sling bullets
 j - 143 bolts
 I - 4 tomahawks (quivered)
 L - 317 stones
Armour
 B - a +0 robe (worn)
 C - a +0 cloak (worn)
 E - a +0 helmet
 G - a +1 pair of gloves (melded)
 T - a +2 ring mail of cold resistance
   (You took it off an orc on level 9 of the Dungeon)
Jewellery
 f - a ring of protection from magic (left scythe-like blade)
   (You found it on level 1 of the Dungeon)
 u - an uncursed ring of protection from cold
   (You found it on level 2 of the Dungeon)
 v - an uncursed ring of protection from cold
   (You found it on level 1 of the Lair of Beasts)
 w - the amulet of Fisifeq {Reflect -Tele rN+++ SH+3}
   (You found it on level 5 of the Dungeon)

   [amulet of reflection]

   It shields you and reflects attacks.
   It renders you almost immune to negative energy.
   It prevents most forms of teleportation.
   It affects your SH (+3).
 z - a +2 ring of strength (right scythe-like blade)
   (You found it on level 4 of the Dungeon)
 A - the amulet of Niutzoe (around neck) {Gourm MR+ Dex+2}
   (You found it on level 6 of the Dungeon)

   [amulet of the gourmand]

   It allows you to eat raw meat even when not hungry.
   It affects your dexterity (+2).
   It affects your resistance to hostile enchantments.
 J - an uncursed amulet of magic regeneration
   (You found it on level 7 of the Dungeon)
Wands
 o - a wand of lightning (2/15)
 p - a wand of confusion (21/48)
 y - a wand of scattershot (4/9)
 H - a wand of lightning (1/15)
 K - a wand of disintegration (11/24)
Scrolls
 k - a scroll of fear {unknown}
 q - 2 scrolls of magic mapping
 r - 2 scrolls of remove curse
 s - a scroll of recharging
 t - 3 scrolls of teleportation
 N - a scroll of summoning {unknown}
Potions
 b - 2 potions of magic
 e - 5 potions of curing
 h - 3 potions of lignification
 m - 2 potions of heal wounds {unknown}
 x - 2 potions of ambrosia {unknown}
 O - a potion of flight {unknown}
 Q - a potion of invisibility {unknown}
 R - 2 potions of degeneration {unknown}
Books
 c - a book of Changes

   Spells                             Type                      Level
   a - Beastly Appendage              Transmutation                1
   b - Sticks to Snakes               Transmutation                2
   c - Spider Form                    Transmutation/Poison         3
   d - Ice Form                       Ice/Transmutation            4
   e - Blade Hands                    Transmutation                5
Comestibles
 d - 9 bread rations
 l - 5 chunks of flesh
 n - 3 royal jellies


   Skills:
 + Level 4.3 Fighting
 - Level 4.0 Dodging
 - Level 2.8 Stealth
 * Level 8.5 Unarmed Combat
 - Level 3.8 Spellcasting
 - Level 8.9 Transmutations
 - Level 1.4 Poison Magic
 - Level 4.5 Evocations


You had 5 spell levels left.
You knew the following spells:

 Your Spells              Type           Power        Failure   Level  Hunger
e - Beastly Appendage     Tmut           #####.       10%         1    None
h - Blade Hands           Tmut           #####.....   43%         5    ######.
k - Sticks to Snakes      Tmut           #####...     12%         2    #......
p - Spider Form           Tmut/Pois      ####......   30%         3    ###....


Dungeon Overview and Level Annotations

Branches:
Dungeon (10/15)            Temple (0/1) D:6            Lair (1/6) D:9
    Orc (0/2) D:9

Annotations:
D:6 exclusion: statue
D:7 exclusions: killer bee and 1 more exclusion, Monsterracer's ghost, novice BaSk
D:8 exclusions: 2 centaurs, two-headed ogre and water moccasin
D:9 exclusion: downstairs


Innate Abilities, Weirdness & Mutations

You have an increased reservoir of magic. (+10% MP)
You have a beak for a mouth.
You have a pair of small horns on your head.
You have sharp toenails.
You are covered in fur. (AC +1)


Message History

Unknown command.
You hit the yak.
The yak is heavily wounded.
You hit the yak. You claw the yak.
The yak is severely wounded.
The yak closely misses you.
You slice the yak!!
You kill the yak!
Your Fighting skill increases to level 4!
You slice the yak!! You headbutt the yak, but do no damage.
The yak is almost dead.
The yak closely misses you.
You slash the yak!
You kill the yak!
You hit the yak. You claw the yak, but do no damage.
The yak is lightly wounded.
The yak misses you.
You slice the yak!! Your kick misses the yak. Your peck misses the yak.
You slash the yak.
The yak is severely wounded.
You slice the yak!!
You kill the yak!
Items here: †††† a yak corpse x4
Butcher a yak corpse? [(y)es/(c)hoosy/(n)o/(a)ll/(e)dible/(q)uit/?]
Butcher a yak corpse? [(y)es/(c)hoosy/(n)o/(a)ll/(e)dible/(q)uit/?]
Okay, then.
You butcher the yak corpse.
l - 7 chunks of flesh (gained 6)
Items here: ÷ ††† a yak corpse x3; a yak skeleton Eat one of 7 chunks of flesh? (ye/n/q)
You eat one of the 7 chunks of flesh.
This raw flesh tastes great.
Eat one of 6 chunks of flesh? (ye/n/q)
You eat one of the 6 chunks of flesh.
This raw flesh tastes great.
Okay, then.
Okay, then.
As you read the scroll of identify, it crumbles to dust.
H - a wand of lightning (1/15)
Found 13 gold pieces and a glass wand.
Your transformation is almost over.
You now have 493 gold pieces (gained 13).
p - a wand of confusion (?/48)
Your hands revert to their normal proportions.
Your +1 pair of gloves unmelds from your body.
A black mamba comes into view.
The black mamba hisses angrily.
Casting: Blade Hands
Confirm with . or Enter, or press ? or * to list all spells.
You create a snake!
You now have 40 arrows.
Casting: Sticks to Snakes
Confirm with . or Enter, or press ? or * to list all spells.
You create 2 snakes!
You now have 38 arrows.
The black mamba closely misses you.
Your ball python closely misses the black mamba.
Your ball python completely misses the black mamba.
Your adder bites the black mamba.
Your adder barely misses the black mamba.
Casting: Sticks to Snakes
Confirm with . or Enter, or press ? or * to list all spells.
Your hands turn into razor-sharp scythe blades.
Your +1 pair of gloves melds into your body.
The black mamba closely misses you. The black mamba bites you!
* * * LOW HITPOINT WARNING * * *
You are poisoned.
The black mamba poisons you!
Your ball python misses the black mamba.
Your ball python closely misses the black mamba.
Your adder barely misses the black mamba.
Your adder misses the black mamba. You barely miss the black mamba.
You claw the black mamba. Your headbutt misses the black mamba.
Your peck misses the black mamba.
The black mamba is lightly wounded.
You feel sick. The black mamba barely misses you.
Your adder closely misses the black mamba.
Your ball python barely misses the black mamba.
Your ball python closely misses the black mamba.
Your adder bites the black mamba but does no damage.
The black mamba bites you!
* * * LOW HITPOINT WARNING * * *
Unknown command.
You feel better. The black mamba bites you!
* * * LOW HITPOINT WARNING * * *
You are poisoned.
The black mamba poisons you!
Your adder completely misses the black mamba.
Your adder bites the black mamba but does no damage.
Your ball python misses the black mamba.
Your ball python grabs the black mamba.
Your ball python constricts the black mamba.
The black mamba bites you!
* * * LOW HITPOINT WARNING * * *
You are more poisoned.
The black mamba poisons you!
Your adder bites the black mamba but does no damage.
Your adder bites the black mamba.
Your ball python bites the black mamba but does no damage.
Your ball python constricts the black mamba.
You feel better. The black mamba bites you!
You die...

## ..#### ######.#...#
#........... #
##.##.P.P##.
#.###.S.S........
#.....@S....####.
##.#####..S#.#### ..##
#P..### ## #..# #P...#
####.###..#####..##
..................#
#####.#...........##.#
<.....#..#..#........#
P####.#..............#


You could see a black mamba, 2 friendly adders and a friendly ball python.

Vanquished Creatures
  A two-headed ogre (D:9)
  The ghost of Inarius the Tormented, a novice HONe of Kikubaaqudgha (D:9)
  A spiny frog (Lair:1)
  A troll (D:9)
  5 yaks (Lair:1)
  A hungry ghost (D:8)
  Menkaure (D:6)
  The ghost of Monsterracer the Cutter, an amateur KoAs (D:3)
  A water moccasin (D:9)
  A porcupine (Lair:1)
  A sky beast (D:9)
  An orc warrior (D:9)
  4 phantoms
  A black bear (D:7)
  A centaur (D:8)
  3 ogres
  4 bullfrogs
  5 killer bees (D:8)
  3 scorpions
  A howler monkey (D:8)
  2 crimson imps (D:5)
  5 jellies
  4 hounds
  An orc priest (D:9)
  3 orc wizards
  4 bullfrog skeletons
  A gnoll shaman (D:6)
  An iguana (D:8)
  9 worker ants
  2 hound skeletons
  4 adders
  A gnoll (D:6)
  A howler monkey skeleton (D:6)
  A shadow imp (D:6)
  An adder zombie (D:5)
  An adder skeleton (D:5)
  A worm (D:2)
  8 leopard geckos
  18 orcs
  5 giant cockroaches
  6 goblins
  A hobgoblin (D:1)
  14 jackals
  A ball python (D:1)
  4 bats
  4 frilled lizards
  4 kobolds
  5 rats
150 creatures vanquished.

Vanquished Creatures (collateral kills)
  A two-headed ogre (D:9)
  A yak (Lair:1)
  A bullfrog zombie (D:7)
  2 worker ants
  A gnoll (D:6)
  2 orcs
  A ball python (D:4)
  A giant cockroach (D:6)
  A kobold (D:2)
11 creatures vanquished.

Grand Total: 161 creatures vanquished

Notes
Turn   | Place    | Note
-------+----------+-------------------------------------------
     0 | D:1      | tidbits the Demigod Transmuter began the quest for the Orb.
     0 | D:1      | Reached XP level 1. HP: 15/15 MP: 5/5
   126 | D:1      | Reached skill level 1 in Stealth
   436 | D:1      | Reached XP level 2. HP: 22/22 MP: 5/7
   440 | D:1      | Learned a level 2 spell: Sticks to Snakes
   675 | D:2      | Reached skill level 3 in Unarmed Combat
  1232 | D:3      | Noticed Monsterracer's ghost (amateur KoAs)
  1512 | D:2      | Reached XP level 3. HP: 9/27 MP: 3/8
  2126 | D:4      | Reached skill level 2 in Spellcasting
  2172 | D:4      | Reached XP level 4. HP: 7/34 MP: 10/10
  2179 | D:4      | Learned a level 3 spell: Spider Form
  2390 | D:3      | Reached skill level 1 in Fighting
  2390 | D:3      | Reached skill level 2 in Stealth
  2864 | D:3      | Killed Monsterracer's ghost
  2864 | D:3      | Reached skill level 4 in Unarmed Combat
  2864 | D:3      | Reached XP level 5. HP: 29/41 MP: 2/12
  2959 | D:4      | Reached skill level 2 in Fighting
  3123 | D:5      | Entered Level 5 of the Dungeon
  3139 | D:5      | Reached XP level 6. HP: 20/48 MP: 8/13
  3276 | D:5      | Reached skill level 2 in Dodging
  3376 | D:5      | Reached skill level 5 in Unarmed Combat
  3738 | D:6      | Noticed Menkaure
  3742 | D:6      | Got a clouded pewter amulet
  3744 | D:6      | Identified the amulet of Niutzoe {Gourm MR+ Dex+2} (You found it on level 6 of the Dungeon)
  3749 | D:6      | Found a staircase to the Ecumenical Temple.
  3756 | D:6      | Killed Menkaure
  3756 | D:6      | Reached skill level 2 in Transmutations
  3756 | D:6      | Reached skill level 1 in Poison Magic
  3756 | D:6      | Reached XP level 7. HP: 34/55 MP: 7/14
  3790 | D:5      | Got a clouded tin amulet
  3854 | D:6      | Found an opulent altar of Gozag.
  3884 | D:6      | Reached skill level 3 in Transmutations
  3923 | D:6      | Identified the amulet of Fisifeq {Reflect -Tele rN+++ SH+3} (You found it on level 5 of the Dungeon)
  4010 | D:6      | Reached skill level 6 in Unarmed Combat
  4256 | D:6      | Reached skill level 3 in Dodging
  4262 | D:6      | Found a radiant altar of Vehumet.
  4284 | D:6      | Found an iron altar of Okawaru.
  4287 | D:6      | Found a glowing golden altar of the Shining One.
  4288 | D:6      | Found a bloodstained altar of Trog.
  4288 | D:6      | Found a deep blue altar of Sif Muna.
  4568 | D:7      | Noticed Monsterracer's ghost (novice BaSk)
  4773 | D:8      | Reached skill level 4 in Dodging
  4821 | D:8      | Reached skill level 4 in Transmutations
  4821 | D:8      | Reached XP level 8. HP: 61/61 MP: 12/15
  4882 | D:8      | Found a sacrificial altar of Ru.
  5053 | D:7      | Reached skill level 5 in Transmutations
  5202 | D:8      | Gained mutation: You have sharp toenails. [potion of mutation]
  5202 | D:8      | Gained mutation: You are covered in fur. (AC +1) [potion of mutation]
  5202 | D:8      | Gained mutation: You have a beak for a mouth. [potion of mutation]
  5202 | D:8      | Gained mutation: You have a pair of small horns on your head. [potion of mutation]
  5357 | D:9      | Noticed a two-headed ogre
  5515 | D:8      | Noticed a two-headed ogre
  5549 | D:8      | Learned a level 5 spell: Blade Hands
  5555 | D:8      | Reached skill level 6 in Transmutations
  5615 | D:8      | Reached skill level 7 in Transmutations
  5747 | D:9      | Found a staircase to the Lair.
  5821 | D:9      | Noticed a two-headed ogre
  5835 | D:9      | Killed a two-headed ogre
  5835 | D:9      | Reached skill level 8 in Transmutations
  5835 | D:9      | Reached XP level 9. HP: 52/67 MP: 6/16
  5850 | D:9      | Found a stormy altar of Qazlal.
  5853 | D:9      | Noticed Inarius's ghost (novice HONe)
  5893 | D:9      | Found a staircase to the Orcish Mines.
  5971 | D:9      | Killed a two-headed ogre
  5971 | D:9      | Reached skill level 4 in Evocations
  6345 | D:9      | Noticed a seven-headed hydra
  6454 | D:9      | Killed Inarius's ghost
  6454 | D:9      | Reached skill level 3 in Fighting
  6454 | D:9      | Reached skill level 7 in Unarmed Combat
  6526 | D:9      | Reached skill level 3 in Spellcasting
  6526 | D:9      | Reached XP level 10. HP: 66/77 MP: 4/18
  6648 | D:10     | Entered Level 10 of the Dungeon
  6662 | Lair:1   | Entered Level 1 of the Lair of Beasts
  6807 | Lair:1   | Reached skill level 8 in Unarmed Combat
  6829 | Lair:1   | Reached skill level 4 in Fighting
  6864 | Lair:1   | Noticed a black mamba
  6873 | Lair:1   | HP: 2/79 [black mamba (15)]
  6874 | Lair:1   | Slain by a black mamba

Skill      XL: |  1  2  3  4  5  6  7  8  9 10 |
---------------+-------------------------------+-----
Stealth        | 1 2 |  2.8
Unarmed Combat | 3 4 5 6 7 8 |  8.5
Spellcasting   | 2 3 |  3.8
Fighting       | 1 2 3 4 |  4.3
Dodging        | 2 4 |  4.0
Transmutations | 2 4 8 |  8.9
Poison Magic   | 1 |  1.4
Evocations     | 4 |  4.5

Action                   |  1- 3 |  4- 6 |  7- 9 | 10-12 || total
-------------------------+-------+-------+-------+-------++-------
Melee: Unarmed           |    93 |   107 |   215 |    38 ||   453
       Headbutt          |     9 |       |     9 |     6 ||    24
       Punch             |     1 |       |       |     2 ||     3
       Kick              |    11 |     3 |    13 |     6 ||    33
       Dagger            |     4 |     2 |     9 |       ||    15
       Peck              |       |       |     5 |     1 ||     6
Throw: Stone             |    13 |     2 |       |       ||    15
       Tomahawk          |       |       |     6 |       ||     6
 Cast: Beastly Appendage |    27 |     8 |       |       ||    35
       Sticks to Snakes  |     7 |    11 |    28 |     6 ||    52
       Spider Form       |       |    19 |    27 |       ||    46
       Blade Hands       |       |       |     9 |     6 ||    15
 Abil: End Transformatio |       |       |     1 |       ||     1
Evoke: Wand              |       |     4 |     9 |       ||    13
  Use: Scroll            |     4 |     1 |    10 |     2 ||    17
       Potion            |     1 |       |     2 |     2 ||     5
 Stab: Sleeping          |       |     3 |     7 |     1 ||    11
       Distracted        |       |     1 |     2 |       ||     3
  Eat: Chunk             |     6 |     9 |    30 |     3 ||    48
       Meat ration       |       |     1 |       |       ||     1
Armor: Robe              |    16 |    10 |    13 |     1 ||    40
       Skin              |       |     3 |     4 |       ||     7
Dodge: Dodged            |    48 |    82 |   159 |    13 ||   302

Table legend:
 A = Turns spent in this place as a percentage of turns spent in the entire game.
 B = Non-inter-level travel turns spent in this place as a percentage of non-inter-level travel turns spent in the entire game.
 C = Inter-level travel turns spent in this place as a percentage of turns spent in this place.
 D = Turns resting spent in this place as a percentage of non-inter-level travel turns spent in this place.
 E = Turns spent auto-exploring this place as a percentage of non-inter-level travel turns spent in this place.
 F = Non-inter-level travel turns spent in this place divided by the number of levels of this place that you've seen.
                   A       B       C       D       E      F
               +-------+-------+-------+-------+-------+----------------------
         Total | 100.0 | 100.0 |   0.6 |   0.6 |   0.0 | 445.4
       Dungeon |  96.2 |  96.2 |   0.7 |   0.6 |   0.0 | 471.1
          Lair |   3.8 |   3.8 |   0.0 |   0.0 |   0.0 | 188.0
               +-------+-------+-------+-------+-------+----------------------

Table legend:
 A = Kills in this place as a percentage of kills in entire the game.
 B = Kills by you in this place as a percentage of kills by you in the entire game.
 C = Kills by friends in this place as a percentage of kills by friends in the entire game.
 D = Other kills in this place as a percentage of other kills in the entire game.
 E = Experience gained in this place as a percentage of experience gained in the entire game.
 F = Experience gained in this place divided by the number of levels of this place that you have seen.
                   A       B       C       D       E      F
               +-------+-------+-------+-------+-------+----------------------
         Total | 100.0 | 100.0 | 100.0 |  -nan | 100.0 | 812.5
       Dungeon |  94.4 |  94.7 |  90.9 |  -nan |  80.7 | 721.2
          Lair |   5.6 |   5.3 |   9.1 |  -nan |  19.3 | 1725.0
               +-------+-------+-------+-------+-------+----------------------

Vault maps used:
D:1:      dpeg_arrival_rooms_with_view, minmay_tromino_i2
D:2:      lemuel_crystal_altar, serial_curves, eino_curves_03, eino_curves_02,
          minmay_misc_feat_encased, uniq_crazy_yiuf_cottage
D:3:      feat_on_display
D:5:      first_bread, eino_curves_04
D:6:      vehumet_statue, grunt_gozag_statues, grunt_temple_overflow_open,
          temple_statues, grunt_ministairs_2, uniq_menkaure
D:8:      kennysheep_little_box, fedhas_altar_fruit_tree, lemuel_doored_altar,
          uniq_maurice, uniq_psyche
D:9:      kennysheep_vampire_church, nicolae_qazlal_general_emergency,
          orc_0_dummy
D:10:     minmay_twisted_water
Lair:1:   minivault_19, minmay_lair_oklob_bushes, beast_lair_carwin_5
